AoeStats
← Baz1337

African Clearing

505067972Analyzed
4v4 RM · 24d ago on Sep 7, 2026· 37m 22s· 8 players
Game mode
Random Map
Map size
Large (8 player)
Population
200
Speed
Normal
Resources
Standard
Victory
Conquest
Starting age
Dark Age
Ending age
Imperial Age
RankedLock teamsTeams togetherTeam positionsShared explorationLock speedFull tech treeHidden civsTurbo modeCheats
Victory
Defeat
🇸🇪 Ethiopians · Sweden
1324
+15
🇸🇪 Slavs · Sweden
1278
+17
🇸🇪 Sicilians · Sweden
1268
+18
🇸🇪 Huns · Sweden
1250
+18
🇨🇦 Lithuanians · Canada
1336
-18
🇨🇳 Cumans · China
1303
-17
🇳🇱 Italians · Netherlands
1296
-17
🇨🇭 Japanese · Switzerland
1276
-16
MapleStory
3:24 Loom
13:08 Feudal Age
14:16 Double-Bit Axe
19:10 Castle Age
20:14 Fletching
21:25 Padded Archer Armor
21:51 Bow Saw
25:28 Bodkin Arrow
27:31 Leather Archer Armor
30:15 Wheelbarrow
33:05 Ballistics
33:28 Bloodlines
36:23 Horse Collar
Baz1337
6:40 Loom
14:47 Feudal Age
20:47 Castle Age
19:33 Fletching
19:59 Padded Archer Armor
21:26 Bodkin Arrow
26:59 Wheelbarrow
27:19 Gold Mining
27:16 Double-Bit Axe
36:20 Bow Saw
35:51 Horse Collar
37:35 Hand Cart
Coen27
14:03 Feudal Age
12:49 Loom
17:36 Castle Age
15:41 Fishing Lines
17:01 Fletching
17:21 Double-Bit Axe
18:57 Town Watch
18:58 Loom
19:17 Loom
19:53 Horse Collar
23:55 Padded Archer Armor
25:16 Gold Mining
25:38 Bow Saw
25:46 Husbandry
26:38 Bodkin Arrow
27:20 Bloodlines
28:59 Thumb Ring
33:13 Squires
32:59 Gambesons
33:47 Heavy Plow
35:47 Ballistics
35:21 Pikeman
36:05 Scale Mail Armor
36:15 Forging
Hieminator
14:11 Loom
15:56 Feudal Age
27:15 Castle Age
35:35 Castle Age
33:25 Double-Bit Axe
33:20 Horse Collar
36:08 Horse Collar
37:17 Bow Saw
Havsutsikt
5:55 Loom
14:12 Feudal Age
15:29 Double-Bit Axe
15:28 Horse Collar
18:28 Castle Age
17:02 Fletching
19:25 Bodkin Arrow
19:55 Crossbowman
22:27 Padded Archer Armor
27:13 Ballistics
36:54 Thumb Ring
Blaich
5:07 Loom
12:04 Feudal Age
12:08 Man-at-Arms
13:49 Scale Mail Armor
16:31 Wheelbarrow
21:32 Castle Age
23:44 Fletching
32:35 Bodkin Arrow
Lord Pittbull
7:09 Loom
12:46 Feudal Age
18:44 Castle Age
21:49 Bloodlines
22:16 Wheelbarrow
25:48 Double-Bit Axe
28:43 Husbandry
30:36 Scale Barding Armor
30:42 Forging
31:18 Bow Saw
32:44 Horse Collar
34:59 Iron Casting
Sir Percival
11:18 Loom
13:18 Feudal Age
15:44 Double-Bit Axe
18:26 Castle Age
17:23 Scale Barding Armor
18:47 Bloodlines
20:11 Husbandry
20:34 Fletching
28:00 Bodkin Arrow
28:06 Padded Archer Armor
30:39 Ballistics
32:16 Leather Archer Armor
35:12 Wheelbarrow
35:35 Thumb Ring
Connection lost

Rejoining the realm…

Still unreachable

The connection could not be restored.

Session expired

The server has moved on; the page needs a fresh start.